Description

A basic timing build that also allows you set up for macro behind the attack, fixed overwolf parsing from https://lotv.spawningtool.com/build/81482/

Removed pylon/assimilator/gateway timings and units after the first from each.

VOD

https://www.youtube.com/watch?v=Z2RVCYTK_bo

Build Order

Get SALT Encoding   

  16  0:36  Gateway  
  17  0:47  Assimilator  
  20  1:23  Nexus  
  20  1:32  Cybernetics Core  
  21  1:43  Assimilator  
  25  2:11  Adept (Chrono Boost)  
  26  2:18  Stargate  
  27  2:25  Warp Gate  
  39  3:03  Phoenix  
  45  3:21  Oracle  
  47  3:32  Gateway  
  49  3:54  Robotics Facility  
  49  4:09  Twilight Council  
  56  4:40  Warp Prism  
  58  4:46  Templar Archives  
  58  4:48  Charge  
  58  5:02  Zealot x99  cut probes
  66  5:34  High Templar x99  
Spawning Tool Build Advisor. Get it on Overwolf

Go to:

Details

  • Created by: jaklz
  • Published on: Dec 29, 2021
  • Modified on: Dec 29, 2021
  • Patch: 4.11.0
  • Difficulty: Easy
Show
View Real Time Build Order
Export as new Build Order

Comments (0)

There are no comments. Be the first!

Create an account to comment!